 Dungeon Crawl Stone Soup version 0.31-a0-233-g139696dc86 (webtiles) character file.

Game seed: 3704637168958099609

224 qw the Shooter (level 6, -3/36 HPs)
             Began as a Gargoyle Hexslinger on July 7, 2023.
             Slain by a gnoll sergeant
             ... wielding a +0 spear
              (7 damage)
             ... on level 3 of the Dungeon.
             The game lasted 00:00:50 (2278 turns).

qw the Shooter (Gargoyle Hexslinger)                Turns: 2278, Time: 00:00:51

Health: -3/36      AC:  9    Str: 12    XL:     6   Next: 0%
Magic:  7/7        EV: 10    Int: 13    God:
Gold:   115        SH:  0    Dex: 14    Spells: 6/7 levels left

rFire   . . .        Y - +3 sling
rCold   . . .        (no shield)
rNeg    + + .        e - +0 ring mail
rPois   inf          (no helmet)
rElec   +            (no cloak)
rCorr   .            (no gloves)
SInv    .            (no boots)
Will    .....        (no amulet)
Stlth   +            f - ring of positive energy
HPRegen 0.26/turn    (no ring)
MPRegen 0.10/turn

%: no passive effects
@: about to teleport
A: sickness immunity, AC +4, negative energy resistance 1, electricity
resistance, torment resistance 1, petrification resistance
a: no special abilities


You were on level 3 of the Dungeon.
You visited 1 branch of the dungeon, and saw 3 of its levels.

You collected 115 gold pieces.


Innate Abilities, Weirdness & Mutations

You are immune to sickness and miasma.
Your stone body is resilient. (AC +4)
You are immune to poison.
You resist negative energy. (rN+)
You are resistant to electric shocks. (rElec)
You are resistant to unholy torment.
You are immune to petrification.


   Skills:
 + Level 2.8 Fighting
 - Level 5.0 Ranged Weapons
 - Level 2.0 Armour
 - Level 1.5 Dodging
 - Level 1.0 Spellcasting
 - Level 2.6 Hexes


You had 6 spell levels left.
You knew the following spells:

 Your Spells              Type           Power      Damage    Failure   Level
a - Slow                  Hex            28%        N/A       21%         1

Your spell library contained the following spells:

 Spells                   Type           Power      Damage    Failure   Level
 Inner Flame              Hex/Fire       4%         N/A       71%         3
 Portal Projectile        Hex/Tloc       8%         N/A       71%         3
 Cause Fear               Hex            3%         N/A       90%         4

Inventory:

Hand Weapons
 Y - a +3 sling (weapon)
Armour
 e - a +0 ring mail (worn)
Jewellery
 f - a ring of positive energy (left hand)
Scrolls
 a - a scroll of revelation {unknown}
 b - a scroll of vulnerability {unknown}
 c - a scroll of identify
 h - a scroll of blinking {unknown}
Potions
 d - a potion of might
 g - a potion of mutation {unknown}
 j - a potion of berserk rage {unknown}

Dungeon Overview and Level Annotations

Branches:
Dungeon (3/15)

Altars:


Message History

The sling bullet hits the gnoll sergeant.
The gnoll sergeant is heavily wounded.
The gnoll sergeant hits you from afar with a +0 spear. x2
You shoot a sling bullet.
The sling bullet hits the gnoll sergeant but does no damage.
The gnoll sergeant is heavily wounded.
The gnoll sergeant hits you but does no damage.
You shoot a sling bullet.
The sling bullet barely misses the gnoll sergeant.
The sling bullet closely misses the gnoll.
The sling bullet hits the gnoll.
The gnoll is lightly wounded.
The gnoll sergeant barely misses you.
You shoot a sling bullet.
The sling bullet hits the gnoll sergeant.
The gnoll sergeant is severely wounded.
The gnoll sergeant hits you but does no damage.
You shoot a sling bullet.
The sling bullet closely misses the gnoll sergeant.
The sling bullet hits the gnoll.
The gnoll is lightly wounded.
The gnoll sergeant hits you but does no damage.
The gnoll sergeant hits you from afar with a +0 spear.
You shoot a sling bullet.
The sling bullet hits the gnoll sergeant.
The gnoll sergeant is severely wounded.
The gnoll sergeant hits you from afar with a +0 spear!
You shoot a sling bullet.
The sling bullet hits the gnoll sergeant but does no damage.
The gnoll sergeant is severely wounded.
The gnoll sergeant hits you from afar with a +0 spear.
2277 ||| READING scroll of teleportation.
As you read the scroll of teleportation, it crumbles to dust.
You feel strangely unstable.
The gnoll sergeant hits you from afar with a +0 spear.
You shoot a sling bullet.
The sling bullet hits the gnoll sergeant.
The gnoll sergeant is almost dead.
The gnoll sergeant hits you from afar with a +0 spear!
You die...

##### ...#####
........ ### ...#####
.... .# # .g## #.###
...g..##....
#######g....##g..####
#...@.gg.............
#.#####g.... ###g####
#.# ### #().....
#.############.......
#.#..................
#.#.##########.......
##.#.###...........###
#..........######.....
#......... #.###.


You could see a gnoll sergeant and 3 gnolls.

Vanquished Creatures
  2 orc priests (D:3)
  An orc wizard (D:3)
  5 gnolls
  3 adders (D:3)
  A worm (D:2)
  3 dart slugs
  5 orcs (D:3)
  3 ball pythons
  5 endoplasms
  3 giant cockroaches
  4 goblins
  5 hobgoblins
  2 quokkas
  5 bats
  2 frilled lizards
  3 kobolds
  5 rats
57 creatures vanquished.

Notes
Turn   | Place    | Note
-------+----------+-------------------------------------------
     0 | D:1      | qw the Gargoyle Hexslinger began the quest for the Orb.
     0 | D:1      | Reached XP level 1. HP: 12/12 MP: 2/2
     0 | D:1      | 0 ||| qw: Version: 0.3-a-46-gb1f654a
     0 | D:1      | 0 ||| qw: Game counter: 3320
     0 | D:1      | 0 ||| qw: Melee chars always use a shield: true
     0 | D:1      | 0 ||| qw: God list: Okawaru
     0 | D:1      | 0 ||| qw: Allow faded altars: false
     0 | D:1      | 0 ||| qw: Do Orc after clearing Dungeon:15 true
     0 | D:1      | 0 ||| qw: Do second Lair branch before Depths: true
     0 | D:1      | 0 ||| qw: Lair rune preference: random
     0 | D:1      | 0 ||| qw: Goals: Normal
     0 | D:1      | 0 ||| PLANNING D:1-11
   316 | D:1      | Reached XP level 2. HP: 16/16 MP: 3/3
   376 | D:1      | Reached skill level 3 in Ranged Weapons
   747 | D:1      | Reached XP level 3. HP: 21/21 MP: 4/4
   808 | D:1      | 808 ||| UPGRADING to +0 ring mail.
   818 | D:1      | 818 ||| DROPPING +0 robe.
   819 | D:1      | 819 ||| UPGRADING to ring of positive energy.
   820 | D:1      | 820 ||| READING scroll labelled SOEZYEKOUF.
   821 | D:1      | 821 ||| READING scroll labelled SEUWECULOY.
   822 | D:1      | 822 ||| READING scroll labelled OLEDYM DORPHENE.
   823 | D:1      | 823 ||| READING 2 scrolls labelled JEVESAINUON.
   826 | D:1      | 826 ||| DROPPING scroll of poison.
   847 | D:2      | 847 ||| READING scroll of enchant weapon.
   847 | D:2      | 847 ||| ENCHANTING +2 sling.
  1013 | D:2      | Reached XP level 4. HP: 26/26 MP: 5/5
  1122 | D:2      | Reached skill level 4 in Ranged Weapons
  1404 | D:2      | 1404 ||| FLEEEEING.
  1405 | D:2      | 1405 ||| FLEEEEING.
  1406 | D:2      | 1406 ||| FLEEEEING.
  1548 | D:2      | 1548 ||| DROPPING ring of flight.
  1549 | D:2      | 1549 ||| READING scroll labelled VESIYMP LAUFUOZUSK.
  1550 | D:2      | 1550 ||| READING scroll labelled ZYDIZE REFER.
  1551 | D:2      | 1551 ||| READING 2 scrolls of identify.
  1551 | D:2      | 1551 ||| IDENTIFYING blue potion
  1626 | D:3      | Reached XP level 5. HP: 26/30 MP: 6/6
  1844 | D:3      | Reached skill level 5 in Ranged Weapons
  1944 | D:3      | 1944 ||| Stepping ~*~*~tactically~*~*~ (outnumbered).
  1946 | D:3      | 1946 ||| Stepping ~*~*~tactically~*~*~ (outnumbered).
  1949 | D:3      | 1949 ||| Stepping ~*~*~tactically~*~*~ (outnumbered).
  1960 | D:3      | HP: 7/31 [gnoll/+0 halberd[a gnoll sergeant] (3)]
  1961 | D:3      | 1961 ||| READING 2 scrolls of teleportation.
  1962 | D:3      | HP: 3/31 [gnoll/+0 halberd[a gnoll sergeant] (5)]
  2244 | D:3      | Reached XP level 6. HP: 36/36 MP: 7/7
  2276 | D:3      | HP: 8/36 [gnoll sergeant/+0 spear (6)]
  2277 | D:3      | 2277 ||| READING scroll of teleportation.
  2277 | D:3      | HP: 3/36 [gnoll sergeant/+0 spear (5)]
  2278 | D:3      | Slain by a gnoll sergeant

Levels and vault maps discovered:
D:1:      dpeg_arrival_rooms_c, layout_loops_corners
D:2:      layout_basic, hangedman_decor_points, minmay_misc_feat_iff
D:3:      layout_basic

Skill      XL: |  1  2  3  4  5 |
---------------+----------------+-----
Ranged Weapons | 3 4 5 |  5.0
Fighting       | 2 |  2.8
Armour         | 2 |  2.0
Dodging        | |  1.5
Spellcasting   | |  1.0
Hexes          | |  2.6

Action                     |  1- 3 |  4- 6 || total
---------------------------+-------+-------++-------
   Fire: Sling             |    70 |   112 ||   182
    Use: Scroll            |     5 |     5 ||    10
 Armour: Robe              |     5 |       ||     5
         Ring mail         |     2 |    29 ||    31
  Dodge: Dodged            |    10 |    30 ||    40

Table legend:
 A = Non-vault XP
 B = Vault XP
 C = Vault XP percentage of total XP
 D = Non-vault monster count
 E = Vault monster count
 F = Vault count percentage of total count
                 A         B        C        D         E       F
            +---------+---------+-------+---------+---------+-------
      Total |     320 |       0 |   0.0 |      57 |       0 |   0.0
            +---------+---------+-------+---------+---------+-------
        D:1 |      37 |       0 |   0.0 |      21 |       0 |   0.0
        D:2 |      63 |       0 |   0.0 |      11 |       0 |   0.0
        D:3 |     220 |       0 |   0.0 |      25 |       0 |   0.0
            +---------+---------+-------+---------+---------+-------
